 Dungeon Crawl Stone Soup version 0.19.0-11-g3fc08b3 (webtiles) character file.

359 McCoppin the Covert (level 6, -17/42 HPs)
             Began as an Octopode Fighter on Nov 9, 2016.
             Was a Believer of Cheibriados.
             Demolished by an ogre
             ... wielding a +0 giant club
              (26 damage)
             ... on level 4 of the Dungeon.
             The game lasted 00:07:55 (2521 turns).

McCoppin the Covert (Octopode Fighter)              Turns: 2521, Time: 00:07:56

Health: -17/42     AC:  1    Str: 24    XL:     6   Next: 65%
Magic:  6/6        EV: 12    Int: 14    God:    Cheibriados [**....]
Gold:   130        SH: 10    Dex: 18    Spells: 0 memorised, 5 levels left

rFire  . . .     SeeInvis .     a - +0 long sword
rCold  . . .     Gourm    .     b - +0 shield
rNeg   . . .     Faith    .     (helmet restricted)
rPois  .         Spirit   .     (no amulet)
rElec  .         Reflect  .     r - ring of protection from magic
rCorr  .         Harm     .     (no ring)
MR     +....                    (no ring)
Stlth  +++++.....               (no ring)
                                (no ring)
                                (no ring)
                                (no ring)
                                (no ring)

@: mighty, very slow
A: almost no armour, stealthy swim, amphibious, 8 rings, constrict 8, camouflage
1, gelatinous body 1
a: Bend Time, Renounce Religion


You were on level 4 of the Dungeon.
You worshipped Cheibriados.
Cheibriados was pleased with you.
You were very hungry.

You visited 1 branch of the dungeon, and saw 4 of its levels.

You collected 130 gold pieces.

Inventory:

Hand Weapons
 a - a +0 long sword (weapon)
Armour
 b - a +0 shield (worn)
Jewellery
 r - a ring of protection from magic (left tentacle)
 s - an uncursed ring of poison resistance {unknown}
Wands
 q - a wand of polymorph (8/24)
Scrolls
 h - a scroll of fog {unknown}
 i - 4 scrolls of remove curse {unknown}
 k - a scroll of magic mapping
 l - a scroll of amnesia {unknown}
 m - 3 scrolls of noise {unknown}
 n - 3 scrolls of teleportation {unknown}
Potions
 c - a potion of might
 f - a potion of curing
 j - a potion of agility
 o - 3 potions of resistance
 t - 2 potions of berserk rage {unknown}
Comestibles
 d - 5 bread rations
 g - 2 slices of pizza
 p - a meat ration
 u - 4 fruits


   Skills:
 - Level 3.0 Fighting
 + Level 2.2 Long Blades
 + Level 3.1 Dodging
 - Level 9.1 Stealth
 - Level 3.0 Shields


You had 5 spell levels left.
You didn't know any spells.

Dungeon Overview and Level Annotations

Branches:
Dungeon (4/15)
 Temple: D:4-7

Altars:
Cheibriados
Gozag
Hepliaklqana
Kikubaaqudgha
Nemelex Xobeh
Ru
Trog
Xom


Innate Abilities, Weirdness & Mutations

You cannot wear most types of armour.
You are very stealthy in the water. (Stealth+)
You are amphibious.
You can wear up to eight rings at the same time.
You can use your tentacles to constrict eight enemies at once.
Your skin changes colour to match your surroundings (Stealth+).
Your rubbery body absorbs attacks. (AC +1, EV +1)


Message History

Found 16 gold pieces.
Okay, then.
As you read the scroll of identify, it crumbles to dust.
f - a potion of curing Your shield prevents you from hitting the ogre.
The ogre shouts!
The ogre barely misses you.
You hit the ogre but do no damage. The ogre hits you with a giant club!!
Ouch! That really hurt!
* * * LOW HITPOINT WARNING * * *
The ogre barely misses you.
You hit the ogre but do no damage. You squeeze the ogre!
The ogre is moderately wounded.
You block the ogre's attack.
You feel very mighty all of a sudden.
You slash the ogre!
The ogre is heavily wounded.
The ogre hits you with a giant club!!
Ouch! That really hurt!
You die...

.... #.. . ..$. #..# ..
... #..# .... ..##..
..... ....# ...... ...#
......##..#
.......@..#####
.......O..#|..# ######
..######......#####.....
####................
#####.........#####.....
#.....#†....### #.....
#########..## ####..
#### ###


You could see an ogre.

Vanquished Creatures
  An ogre (D:4)
  A hound (D:4)
  Natasha (thrice) (D:2)
  4 worker ants
  2 adders
  2 worms (D:3)
  A dart slug (D:3)
  3 leopard geckos (D:3)
  An orc (D:3)
  4 bats
  2 giant cockroaches (D:2)
  5 goblins
  9 hobgoblins
  3 frilled lizards (D:2)
  A jackal skeleton (D:4)
  7 kobolds
  A leopard gecko skeleton (D:4)
  4 rats
54 creatures vanquished.

Notes
Turn   | Place    | Note
-------+----------+-------------------------------------------
     0 | D:1      | McCoppin the Octopode Fighter began the quest for the Orb.
     0 | D:1      | Reached XP level 1. HP: 16/16 MP: 1/1
    32 | D:1      | Reached skill level 1 in Stealth
   191 | D:1      | Reached skill level 2 in Stealth
   382 | D:1      | Reached XP level 2. HP: 21/21 MP: 2/2
   514 | D:2      | Found a sparkling altar of Nemelex Xobeh.
   518 | D:2      | Noticed Natasha
   522 | D:2      | Killed Natasha
   522 | D:2      | Reached skill level 4 in Stealth
   522 | D:2      | Reached XP level 3. HP: 16/26 MP: 3/3
   972 | D:2      | Noticed Natasha
   977 | D:2      | Killed Natasha
   977 | D:2      | Reached skill level 5 in Stealth
   977 | D:2      | Reached XP level 4. HP: 31/31 MP: 4/4
   982 | D:2      | Found a faded altar of an unknown god.
   982 | D:2      | Found a hazy altar of Hepliaklqana.
   987 | D:2      | Found a faded altar of an unknown god.
   989 | D:2      | Found a bloodstained altar of Trog.
   990 | D:2      | Found an ancient bone altar of Kikubaaqudgha.
   996 | D:2      | Became a worshipper of Cheibriados the Contemplative
   996 | D:2      | Reached * piety under Cheibriados
  1082 | D:2      | Noticed Natasha
  1099 | D:2      | Killed Natasha
  1099 | D:2      | Reached skill level 6 in Stealth
  1135 | D:3      | Found an opulent altar of Gozag.
  1136 | D:3      | Found a snail-covered altar of Cheibriados.
  1207 | D:3      | Reached XP level 5. HP: 33/36 MP: 5/5
  1297 | D:3      | Found a sacrificial altar of Ru.
  1633 | D:3      | Reached skill level 7 in Stealth
  1733 | D:4      | Found a shimmering altar of Xom.
  1798 | D:4      | Noticed an ogre
  1878 | D:4      | Killed an ogre
  1878 | D:4      | Reached ** piety under Cheibriados
  1878 | D:4      | Reached skill level 8 in Stealth
  1878 | D:4      | Reached XP level 6. HP: 7/42 MP: 6/6
  2225 | D:4      | Reached skill level 9 in Stealth
  2521 | D:4      | Demolished by an ogre

Skill      XL: |  1  2  3  4  5  6 |
---------------+-------------------+-----
Stealth        | 2 4 5 6 8 9 |  9.1
Fighting       | |  3.0
Long Blades    | |  2.2
Dodging        | |  3.1
Shields        | |  3.0

Action                   |  1- 3 |  4- 6 || total
-------------------------+-------+-------++-------
Melee: Long sword        |    44 |    53 ||    97
       Constrict         |    19 |    16 ||    35
       Tentacles         |     8 |     9 ||    17
  Use: Scroll            |       |     4 ||     4
       Potion            |       |     1 ||     1
 Stab: Sleeping          |     2 |    11 ||    13
  Eat: Chunk             |       |     1 ||     1
Armor: Skin              |     3 |     1 ||     4
Dodge: Dodged            |    13 |    19 ||    32
Block: Shield            |    20 |    20 ||    40
       Rpst.: Long sword |     5 |     5 ||    10
